Map: Bel'Shir Vestige LE (Void)

Players

Zizou - Winner!

  • Race: Terran Terran
  • League: Diamond
  • Spawn Location: 5:00

Musumeci

  • Race: Zerg Zerg
  • League: Diamond
  • Spawn Location: 11:00

VOD

Have the link to the VOD?

Description

Time

  • Played on: March 2, 2017, 8:58 a.m.
  • Length: 18:39
Show
View Real Time Build Order
Export as new Build Order

Zizou Terran - Winner!

Build Orders: Reaper Expand, MMM Bio 

Get SALT Encoding   

  12  0:00  SCV  
  13  0:12  SCV  
  14  0:18  Supply Depot  
  14  0:25  SCV  
  15  0:39  SCV  
  16  0:44  Barracks  
  16  0:46  Refinery  
  16  0:51  SCV  
  17  1:03  SCV  
  18  1:15  SCV  
  19  1:31  Orbital Command, Reaper  
  20  1:41  Command Center  
  20  1:53  Barracks  
  20  2:05  SCV  
  20  2:07  Barracks Reactor  
  21  2:13  Supply Depot  
  21  2:16  Refinery  
  21  2:27  SCV  
  21  2:41  SCV  
  21  2:42  Barracks Tech Lab  
  22  2:47  Factory  
  22  2:53  SCV  
  22  2:55  Marine x2  
  25  3:05  Marine  
  25  3:07  Stimpack  
  25  3:11  Orbital Command  
  26  3:17  Marine x2  
  28  3:22  SCV  
  28  3:23  Supply Depot  
  29  3:29  Marine  
  29  3:33  Starport  
  29  3:34  SCV  
  31  3:35  Factory Reactor  
  30  3:44  Marine x2  
  30  3:46  SCV  
  30  3:48  SCV  
  34  3:51  Marine  
  35  3:58  SCV  
  35  4:00  SCV  
  37  4:04  Marine x2  
  39  4:10  SCV, Marine, Supply Depot  
  41  4:19  SCV  
  41  4:20  Widow Mine, Medivac  
  41  4:21  Medivac  
  41  4:22  SCV  
  41  4:23  Marine x2  
  51  4:31  SCV, Engineering Bay  
  52  4:34  SCV  
  52  4:37  Engineering Bay  
  53  4:39  Marine  
  53  4:41  Marine  
  53  4:43  SCV  
  56  4:46  Refinery, SCV  
  56  4:50  Marine  
  58  4:52  Factory Reactor  
  58  4:54  Medivac  
  58  4:57  Marine  
  61  5:05  SCV, Supply Depot, Terran Infantry Weapons Level 1  
  62  5:15  Terran Infantry Armor Level 1  
  62  5:26  SCV x2  
  62  5:27  Command Center  
  64  5:30  Marine x2  
  64  5:31  Widow Mine  
  64  5:34  Medivac  
  70  5:48  SCV  
  66  6:12  Marine x3  
  66  6:17  Medivac  
  66  6:18  Widow Mine, Medivac  
  62  6:26  SCV x2  
  62  6:30  Marine  
  62  6:31  Refinery  
  65  6:32  Armory  
  65  6:35  Barracks  
  65  6:36  Barracks  
  65  6:37  Barracks, Combat Shields  
  65  6:39  Barracks  
  65  6:40  Orbital Command  
  65  7:01  Marine x3  
  65  7:02  Widow Mine x2, Medivac  
  74  7:21  Marine x2  
  76  7:34  Orbital Command  
  76  7:36  Orbital Command, Barracks Tech Lab x2  
  75  7:37  Barracks Tech Lab  
  75  7:39  Barracks Reactor  
  73  7:46  Terran Infantry Weapons Level 2, Terran Infantry Armor Level 2  
  73  8:01  SCV  
  73  8:02  SCV  
  75  8:06  SCV, Marine x2  
  75  8:07  Marauder x2  
  75  8:08  Marauder  
  84  8:18  Marine  
  85  8:23  Supply Depot x3  
  85  8:24  Supply Depot  
  85  8:27  Factory Tech Lab, Liberator  
  85  8:31  Concussive Shells  
  85  8:44  Marauder x2, SCV x3, Marine x4  
  85  8:45  Marauder x2  
  85  8:46  Siege Tank  
  106  8:57  SCV  
  106  8:59  SCV x2  
  106  9:02  Marine  
  110  9:06  Supply Depot  
  110  9:07  Supply Depot  
  110  9:09  Supply Depot  
  110  9:10  Marauder x2  
  110  9:11  Marauder  
  116  9:25  Marauder, Supply Depot, Siege Tank  
  116  9:27  Marine x2  
  116  9:31  SCV, Marine  
  124  9:32  SCV x2  
  124  9:37  Bunker  
  127  9:39  Marine  
  127  9:40  Marauder x3  
  127  9:43  SCV  
  127  9:44  SCV x2  
  137  9:46  Supply Depot x2  
  137  9:47  Marauder, Marine x2  
  137  9:48  Medivac  
  137  9:49  Medivac  
  145  9:55  SCV  
  143  10:01  Marauder  
  128  10:20  Marine x2  
  128  10:21  Marauder x2, Marine  
  127  10:22  Siege Tank  
  127  10:23  Marauder  
  127  10:24  Terran Infantry Weapons Level 3  
  136  10:28  Refinery  
  136  10:30  Refinery  
  136  10:35  Marine  
  136  10:37  Marauder  
  136  10:39  SCV x2  
  138  10:52  Marine x2  
  138  10:53  Marauder x2  
  138  10:54  Marauder, SCV x3  
  147  11:04  Liberator x2  
  137  11:19  Marine x2  
  137  11:20  Marauder x3, Marine  
  137  11:21  Siege Tank  
  155  11:28  SCV x2  
  157  11:33  Terran Infantry Armor Level 3  
  157  11:34  Command Center  
  157  11:41  Marine x2  
  157  11:42  Marauder  
  157  11:43  Marauder x3  
  167  11:48  Marine x2  
  167  11:49  SCV  
  168  12:28  Liberator x2  
  166  12:37  Marine  
  166  12:38  Marine x2  
  166  12:39  Marauder x2, Unknown  
  173  12:45  Marauder, Marine x2, Siege Tank  
  185  13:00  Marauder  
  167  13:20  Marine x3  
  167  13:21  Marauder x3, Siege Tank  
  176  13:45  Orbital Command  
  176  13:46  SCV  
  167  13:52  Unknown, Command Center  
  167  13:54  Refinery x2, Liberator  
  167  13:55  Liberator  
  167  13:56  Missile Turret  
  167  14:09  Marine x3  
  169  14:10  Marauder x3  
  169  14:11  Marauder, Siege Tank  
  170  14:32  Marauder  
  150  14:52  Marine x3  
  143  14:53  Marauder x4, Siege Tank  
  143  14:54  Liberator x2  
  154  15:09  Marine  
  154  15:10  Marine  
  149  15:45  Marine x2  
  149  15:46  Marauder x2  
  152  15:56  Marine x2  
  152  15:57  Marauder x2  
  152  16:12  Liberator x2  
  152  16:14  Command Center  
  152  16:25  Marine  
  152  16:26  Marauder, Marine  
  152  16:27  Marauder x3, Siege Tank  
  152  16:30  Marine  
  152  16:31  SCV x2  
  157  17:09  Marine x3  
  157  17:10  Marauder x4  
  157  17:11  Siege Tank  
  171  17:23  Marine  
  172  17:31  Marauder  
  172  17:33  Orbital Command, Marine x2  
  172  17:34  Marauder x2  
  172  17:35  Marauder  
  182  17:47  Command Center  
  182  17:57  Marine  
  182  17:58  Marauder, Marine  
  186  17:59  Marauder  
  186  18:00  Command Center  
  186  18:02  Refinery x2  
Show
View Real Time Build Order
Export as new Build Order

Musumeci Zerg 

Build Orders: Hatch First 

Get SALT Encoding   

  12  0:01  Drone  
  13  0:08  Drone  
  13  0:13  Extractor  
  13  0:15  Drone  
  15  0:39  Hatchery  
  14  0:53  Drone, Extractor  
  15  1:02  Spawning Pool  
  14  1:04  Drone, Extractor  
  14  1:09  Extractor  
  14  1:10  Extractor  
  13  1:12  Drone  
  13  1:17  Overlord  
  16  1:44  Drone x3  
  19  1:50  Queen  
  19  1:52  Queen  
  23  1:56  Drone  
  23  1:58  Drone  
  25  2:06  Overlord  
  25  2:09  Drone  
  26  2:17  Drone  
  26  2:18  Drone  
  28  2:26  Queen  
  30  2:33  Queen  
  32  2:39  Drone, Extractor  
  32  2:40  Drone  
  32  2:43  Drone  
  34  2:45  Drone  
  34  2:49  Overlord  
  35  2:53  Drone  
  35  2:56  Extractor  
  36  3:11  Drone  
  36  3:12  Drone x6  
  43  3:13  Extractor  
  43  3:14  Drone  
  45  3:38  Overlord x2  
  45  3:49  Hatchery  
  45  3:53  Extractor  
  43  3:56  Drone x6, Extractor  
  43  3:57  Drone x3, Extractor  
  43  3:58  Extractor  
  43  4:02  Evolution Chamber x2  
  47  4:30  Zerg Missile Weapons Level 1, Roach Warren  
  46  4:38  Lair  
  46  4:48  Spore Crawler  
  46  4:50  Spore Crawler x2  
  46  4:52  Drone  
  44  4:53  Drone x8, Spore Crawler  
  44  4:55  Drone x5  
  56  5:04  Zerg Ground Armor Level 1  
  56  5:10  Drone x2  
  56  5:12  Roach x3  
  64  5:29  Overlord  
  64  5:30  Overlord  
  64  5:31  Roach  
  64  5:33  Overlord x3  
  66  5:49  Ravager  
  67  5:50  Roach x4  
  66  6:04  Roach x10  
  73  6:19  Queen x2  
  73  6:21  Ravager  
  76  6:25  Queen  
  76  6:31  Drone x5  
  76  6:32  Drone  
  84  6:40  Drone x2  
  84  6:41  Drone x3  
  83  7:21  Extractor  
  83  7:22  Drone x8  
  90  7:24  Spine Crawler  
  90  7:25  Spine Crawler  
  88  7:34  Queen  
  86  7:40  Glial Reconstitution  
  86  7:49  Drone  
  86  7:50  Drone  
  88  7:57  Spore Crawler  
  87  8:03  Drone x2  
  87  8:04  Drone, Extractor  
  89  8:06  Drone  
  89  8:07  Overlord  
  89  8:08  Overlord x4  
  90  8:26  Roach x13  
  116  8:28  Ravager x4  
  116  8:29  Ravager  
  116  8:30  Ravager x2  
  116  8:31  Hatchery, Ravager  
  116  8:32  Ravager x2  
  116  8:33  Ravager  
  127  8:34  Ravager  
  127  8:35  Ravager  
  127  8:40  Zerg Missile Weapons Level 2  
  128  8:50  Drone x2  
  130  8:56  Overlord x3  
  130  8:58  Overlord x2  
  130  9:15  Ravager x2  
  130  9:16  Ravager x2  
  130  9:17  Roach x7  
  146  9:20  Overlord  
  148  9:30  Drone x4  
  152  9:34  Drone x2, Spore Crawler  
  152  9:35  Spore Crawler  
  152  9:36  Ravager x4  
  156  9:47  Roach x3  
  156  9:48  Roach  
  164  10:03  Roach x8  
  137  10:14  Roach x6  
  149  10:34  Drone x5  
  153  10:52  Overseer  
  153  10:54  Roach x12  
  153  10:57  Drone x5  
  149  11:07  Roach  
  149  11:08  Roach x3  
  149  11:10  Ravager x12  
  139  11:36  Ravager x15  
  139  11:38  Roach x8  
  139  11:39  Roach x3  
  176  11:49  Hatchery  
  175  12:04  Roach  
  175  12:05  Overlord x2  
  175  12:06  Overlord x5  
  171  12:21  Hatchery  
  160  12:25  Roach x12  
  177  12:45  Roach  
  177  12:46  Roach x9  
  177  12:50  Ravager x3  
  198  12:58  Hatchery  
  198  12:59  Extractor  
  198  13:00  Extractor  
  174  14:03  Roach  
  174  14:04  Roach x11  
  174  14:08  Infestation Pit  
  136  15:07  Roach x11  
  136  15:08  Roach x3  
  109  15:57  Roach x2  
  109  15:58  Roach x13  
  118  16:18  Ravager x4  
  118  16:19  Ravager x2  
  118  16:21  Zerg Ground Armor Level 2  
  118  16:25  Hive  
  123  16:30  Ravager x11  
  134  16:33  Ravager  
  134  16:34  Hatchery, Roach x7  
  134  16:35  Roach x6  
  121  17:06  Roach x13  
  121  17:10  Extractor  
  121  17:15  Ravager x2  
  118  17:16  Ravager x5  
  123  17:29  Extractor  
  116  17:39  Ravager x11  
Tags
 
Add a new tag
Caveats
  • Supply blocks, unpowered buildings, or Contaminate may cause inaccurate times.
  • Supply counts are checked every 10 seconds.